 Dungeon Crawl Stone Soup version 0.21.1-1-g345015f (webtiles) character file.

21 inc the Chiller (level 2, 0/11 HPs)
             Began as a Felid Ice Elementalist on Mar 3, 2018.
             Was a Follower of Uskayaw.
             Slain by an ooze (4 damage)
             ... on level 2 of the Dungeon.
             The game lasted 00:02:44 (958 turns).

inc the Chiller (Felid Ice Elementalist)             Turns: 958, Time: 00:02:44

Health: 0/11       AC:  1    Str:  4    XL:     2   Next: 62%
Magic:  3/6        EV: 18    Int: 16    God:    Uskayaw [*.....]
Gold:   31         SH:  0    Dex: 16    Spells: 4/5 levels left
                                        Lives:  0   Deaths: 0

rFire    . . .     SeeInvis +   (weapon unavailable)
rCold    . . .     Gourm    .   (shield unavailable)
rNeg     . . .     Faith    .   (armour unavailable)
rPois    .         Spirit   .   (helmet unavailable)
rElec    .         Reflect  .   (cloak unavailable)
rCorr    .         Harm     .   (gloves unavailable)
MR       .....                  (boots unavailable)
Stlth    +++.......             (no amulet)
HPRegen  0.03/turn              (no ring)
MPRegen  0.10/turn              (no ring)

@: very slightly contaminated, quick
A: very small, no armour, no weapons or thrown items, stealth, claws 1, fangs 3,
see invisible, carnivore, speed 1, shaggy fur 1, slow metabolism 1, sharp paws
a: Stomp, Renounce Religion


You were on level 2 of the Dungeon.
You worshipped Uskayaw.
Uskayaw was noncommittal.
You were not hungry.

You visited 1 branch of the dungeon, and saw 2 of its levels.

You collected 31 gold pieces.

Inventory:

Jewellery
 d - an uncursed amulet of guardian spirit {unknown}
Potions
 e - a potion of degeneration {unknown}
 h - a potion of curing
Books
 a - a book of Frost

   Spells                             Type                      Level
   a - Freeze                         Ice                          1
   b - Throw Frost                    Conjuration/Ice              2
   c - Ozocubu's Armour               Charms/Ice                   3
   d - Throw Icicle                   Conjuration/Ice              4
   e - Summon Ice Beast               Ice/Summoning                4
Comestibles
 b - 4 rations


   Skills:
 - Level 3.0 Dodging
 - Level 3.0 Stealth
 + Level 0.2 Unarmed Combat
 - Level 2.2 Spellcasting
   Level 0.8 Conjurations
 - Level 3.1 Ice Magic


You had 4 spell levels left.
You knew the following spells:

 Your Spells              Type           Power        Failure   Level  Hunger
a - Freeze                Ice            ##..         5%          1    #......


Dungeon Overview and Level Annotations

Branches:
Dungeon (2/15)

Altars:
Uskayaw


Innate Abilities, Weirdness & Mutations

You cannot wear armour.
You are incapable of wielding weapons or throwing items.
Your paws allow you to move quietly. (Stealth)
You have sharp claws.
You have razor-sharp teeth.
You have supernaturally acute eyesight. (SInv)
You are carnivorous and can eat meat at any time.
You cover ground quickly.
You are covered in fur. (AC +1)
You have a slow metabolism.
Your sharp claws are effective at attacking unaware monsters.


Message History

Aim: an ooze You miscast Freeze.
You are very lightly contaminated with residual magic.
Nothing appears to happen.
The ooze hits you.
Casting: Freeze
Confirm with . or Enter, or press ? or * to list all spells.
Aiming: Freeze
Press: ? - help, Shift-Dir - straight line, f/p - ooze
Aim: an ooze You freeze the ooze.
The ooze is lightly wounded.
The ooze hits you.
You can now stomp with the beat.
Casting: Freeze
Confirm with . or Enter, or press ? or * to list all spells.
Aiming: Freeze
Press: ? - help, Shift-Dir - straight line, f/p - ooze
Aim: an ooze (lightly wounded)
You miscast Freeze.
A chill runs through your body. The ooze hits you.
You die...

#..###.#......# .#
#.........##.# ##.#
##.....#....# #..
##....###..## #.# #....#
#...#####.## #....#
#........... #....#
##.#.)...... #.[..#
#.......... #.@..#
##.........
.......J...#####........
######..................
###########........
#<....... #........
#########


You could see an ooze.

Vanquished Creatures
  2 giant cockroaches (D:1)
  2 goblins (D:1)
  5 hobgoblins (D:1)
  2 bats (D:1)
  2 frilled lizards (D:1)
  4 kobolds
  2 rats (D:1)
19 creatures vanquished.

Notes
Turn   | Place    | Note
-------+----------+-------------------------------------------
     0 | D:1      | inc the Felid Ice Elementalist began the quest for the Orb.
     0 | D:1      | Reached XP level 1. HP: 7/7 MP: 4/4
   191 | D:1      | Reached XP level 2. HP: 10/11 MP: 3/6
   792 | D:1      | Found a hide-covered altar of Uskayaw.
   891 | D:1      | Became a worshipper of Uskayaw the Reveler
   957 | D:2      | Reached * piety under Uskayaw
   958 | D:2      | Slain by an ooze

Skill      XL: |  1  2 |
---------------+-------+-----
Ice Magic      | 3 |  3.1
Stealth        | 3 |  3.0
Dodging        | 3 |  3.0
Unarmed Combat | |  0.2
Spellcasting   | |  2.2
Conjurations   | |  0.8

Action                   || total
-------------------------++-------
Melee: Unarmed           ||     9
       Bite              ||     1
 Cast: Freeze            ||    26
  Use: Potion            ||     3
       Scroll            ||     1
 Stab: Sleeping          ||     3
Armor: Skin              ||     2
Dodge: Dodged            ||    24
